 Dungeon Crawl Stone Soup version 0.31-a0-1202-ga8fea8b373 (webtiles) character file.

Game seed: 7023191149074768654

196 Malachi the Shooter (level 5, -4/29 HPs)
             Began as a Vine Stalker Hunter on Dec 12, 2023.
             Succumbed to a scorpion's poison
             ... on level 4 of the Dungeon.
             The game lasted 00:03:46 (2538 turns).

Malachi the Shooter (Vine Stalker Hunter)           Turns: 2538, Time: 00:03:48

Health: -4/29      AC:  5    Str: 14    XL:     5   Next: 75%
Magic:  1/6        EV: 12    Int:  9    God:
Gold:   222        SH:  0    Dex: 19    Spells: 4/4 levels left

rFire   . . .        s - +1 arbalest
rCold   . . .        (shield currently unavailable)
rNeg    . . .        c - +0 leather armour
rPois   .            n - +0 helmet
rElec   .            (no cloak)
rCorr   .            h - +0 pair of gloves
SInv    .            (no boots)
Will    .....        (no amulet)
Stlth   ++           (no ring)
HPRegen 1.04/turn    (no ring)
MPRegen 0.10/turn

%: guardian spirit
@: lethally poisoned (-4 -> -12)
A: fangs 2, regeneration 1, magic shield, antimagic bite, no potion heal 2
a: no special abilities


You were on level 4 of the Dungeon.
You visited 1 branch of the dungeon, and saw 4 of its levels.

You collected 222 gold pieces.

Inventory:

Hand Weapons
 s - a +1 arbalest (weapon)
Armour
 c - a +0 leather armour (worn)
 h - a +0 pair of gloves (worn)
 n - a +0 helmet (worn)
Jewellery
 f - a ring of ice
Talismans
 e - a serpent talisman
Scrolls
 b - a scroll of butterflies
Potions
 d - 2 potions of heal wounds {unknown}
 i - 2 potions of curing {unknown}
 k - a potion of resistance {unknown}
 l - 2 potions of attraction {unknown}
 q - a potion of lignification {unknown}


   Skills:
 + Level 3.9 Fighting
 + Level 5.0 Ranged Weapons
 - Level 1.5 Dodging
 - Level 1.2 Stealth


You had 4 spell levels left.
You didn't know any spells.
Your spell library contained the following spells:

 Spells                   Type           Power      Damage    Failure   Level
 Necrotise                Necr           0%         1d4       45%         1
 Call Canine Familiar     Summ           0%         N/A       83%         3
 Sigil of Binding         Hex            0%         N/A       83%         3
 Vampiric Draining        Necr           0%         2d6       83%         3
 Dimensional Bullseye     Hex/Tloc       0%         N/A       99%         4
 Leda's Liquefaction      Hex/Erth       0%         N/A       99%         4
 Agony                    Necr           0%         N/A       100%        5


Dungeon Overview and Level Annotations

Branches:
Dungeon (4/15)
 Temple: D:4-7

Altars:
Elyvilon
Sif Muna
Zin

Shops:
D:1 [[*[


Innate Abilities, Weirdness & Mutations

You have extremely sharp teeth.
Your natural rate of healing is unusually fast.
When hurt, damage is shared between your health and your magic reserves.
Your bite disrupts and absorbs the magic of your enemies.
Potions cannot restore your health.


Message History

A scorpion comes into view.
Found a stone staircase leading down.
A scorpion is nearby!
A scorpion is nearby!
You shoot a bolt. The bolt hits the scorpion.
The scorpion is moderately wounded.
You shoot a bolt. The bolt hits the scorpion.
The scorpion is heavily wounded.
You shoot a bolt. The bolt barely misses the scorpion.
The scorpion stings you.
You shoot a bolt. The bolt barely misses the scorpion.
The scorpion stings you.
You are poisoned.
The scorpion poisons you! The scorpion stings you.
You are more poisoned.
The scorpion poisons you!
You shoot a bolt. The bolt hits the scorpion.
The scorpion is almost dead.
You feel extremely sick.
The scorpion stings you but does no damage.
The scorpion stings you.
You are lethally poisoned!
The scorpion poisons you!
You are too injured to fight recklessly!
Unknown command.
You are too injured to fight recklessly!
Unknown command.
Fire: s) +1 arbalest
Press: ? - help, Q - select action Shift-Dir - straight line, f/p - scorpion
Aim: a scorpion (almost dead, 60% to hit)
You shoot a bolt. The bolt closely misses the scorpion.
* * * LOW HITPOINT WARNING * * *
You feel extremely sick. The scorpion stings you!
* * * LOW HITPOINT WARNING * * *
The scorpion closely misses you.
Fire: s) +1 arbalest
Press: ? - help, Q - select action Shift-Dir - straight line, f/p - scorpion
Aim: a scorpion (almost dead, 60% to hit)
You shoot a bolt. The bolt hits the scorpion!
You kill the scorpion!
You die...

## ... .... .....
##################......
................@'....>.
##################......
###+#


There were no monsters in sight!

Vanquished Creatures
  A scorpion (D:4)
  A wight (D:4)
  Jessica (D:3)
  Robin (D:2)
  3 adders
  A worm (D:3)
  A dart slug (D:3)
  5 bats
  4 endoplasms (D:1)
  6 giant cockroaches
  18 goblins
  9 hobgoblins
  3 jackals (D:1)
  2 quokkas
  2 ball pythons (D:2)
  5 frilled lizards
  7 kobolds
  6 rats
76 creatures vanquished.

Notes
Turn   | Place    | Note
-------+----------+-------------------------------------------
     0 | D:1      | Malachi the Vine Stalker Hunter began the quest for the
                  | Orb.
     0 | D:1      | Reached XP level 1. HP: 11/11 MP: 2/2
    70 | D:1      | Found Zuh Ciat's Antique Armour Boutique.
   100 | D:1      | Reached XP level 2. HP: 15/15 MP: 1/3
   202 | D:1      | Reached skill level 4 in Ranged Weapons
   258 | D:1      | Found Irunagu's Antique Armour Boutique.
   271 | D:1      | Reached XP level 3. HP: 19/19 MP: 4/4
   402 | D:1      | Found Ruem's Armour Emporium.
   667 | D:1      | Found Ysual's Assorted Antiques.
  1213 | D:2      | Identified the +1 robe "Huhaoxoe" {Regen+ MP+9 Int-3
                  | Slay+5}
  1225 | D:2      | Reached XP level 4. HP: 11/23 MP: 1/5
  1225 | D:2      | Noticed Robin
  1232 | D:2      | Killed Robin
  1646 | D:3      | Found a glowing silver altar of Zin.
  1794 | D:3      | Found a white marble altar of Elyvilon.
  2064 | D:3      | Noticed Jessica
  2068 | D:3      | Killed Jessica
  2069 | D:3      | Reached XP level 5. HP: 28/28 MP: 6/6
  2075 | D:3      | Found a shimmering blue altar of Sif Muna.
  2360 | D:4      | Reached skill level 5 in Ranged Weapons
  2537 | D:4      | HP: 1/29 [scorpion (4)]
  2538 | D:4      | Succumbed to a scorpion's poison

Illustrated notes

Levels and vault maps discovered:
D:1:      lightli_arrival_isolated_outpost, layout_basic, serial_shops, shop,
          nicolae_shop_tiny_glass, nicolae_shop_overgrown_old_shop,
          nicolae_shop_behind_doors, minmay_octomino_j4
D:2:      layout_basic, dreamdust_princess_bridge, minmay_worlds_worst_comb,
          uniq_robin
D:3:      layout_loops_ring, zin_statuary, mainiacjoe_overflow_brackets, tgw_sif
D:4:      layout_basic, minmay_temple_entry_grid

Skill      XL: |  1  2  3  4  5 |
---------------+----------------+-----
Fighting       | 2 3 |  3.9
Ranged Weapons | 4 5 |  5.0
Dodging        | |  1.5
Stealth        | |  1.2

Action                     |  1- 3 |  4- 6 || total
---------------------------+-------+-------++-------
   Fire: Shortbow          |   137 |    94 ||   231
         Arbalest          |       |     8 ||     8
    Use: Scroll            |       |     5 ||     5
 Armour: Leather armour    |    32 |    34 ||    66
  Dodge: Dodged            |    52 |    32 ||    84

Table legend: (Time is in decaauts)
 A = Elapsed time spent in this place.
 B = Non-inter-level travel time spent in this place.
 C = Inter-level travel time spent in this place.
 D = Time resting spent in this place.
 E = Time spent auto-exploring this place.
 F = Levels seen in this place.
 G = Mean time per level.
                   A        B        C        D        E       F      G
               +--------+--------+--------+--------+--------+-----+--------+
         Total |   2599 |   2491 |    108 |    100 |   1905 |   4 |  649.8 |
       Dungeon |   2599 |   2491 |    108 |    100 |   1905 |   4 |  649.8 |
               +--------+--------+--------+--------+--------+-----+--------+

Top non-repeatable levels by time:
     D:1: 977 daAuts
     D:2: 693 daAuts
     D:3: 638 daAuts
     D:4: 289 daAuts
